AoeStats
← Lord San

Arabian Desert

510054068Analyzed
1v1 RM · 3d ago on Sep 29, 2026· 38m 26s· 2 players
Game mode
Random Map
Map size
Tiny (2 player)
Population
200
Speed
Normal
Resources
Standard
Victory
Conquest
Starting age
Dark Age
Ending age
Imperial Age
RankedLock teamsTeams togetherTeam positionsShared explorationLock speedFull tech treeHidden civsTurbo modeCheats
Victory
Defeat
🇫🇷 Wei · France
1537
+15
🇦🇷 Varangians · Argentina
1515
-15
Lord San
5:51 Loom
8:54 Feudal Age
9:42 Double-Bit Axe
14:45 Town Watch
17:36 Bloodlines
22:06 Wheelbarrow
25:12 Castle Age
25:08 Scale Barding Armor
25:14 Forging
24:47 Horse Collar
26:13 Bow Saw
26:36 Chain Barding Armor
36:32 Husbandry
36:29 Gold Mining
Mandrianus
6:06 Loom
9:01 Feudal Age
9:51 Double-Bit Axe
16:23 Fletching
21:56 Castle Age
20:12 Gold Mining
20:09 Horse Collar
22:52 Bodkin Arrow
24:06 Padded Archer Armor
24:24 Bow Saw
25:23 Bloodlines
26:41 Padded Archer Armor
27:14 Husbandry
30:11 Ballistics
29:41 Guard Tower
30:02 Masonry
30:21 Heavy Plow
33:09 Leather Archer Armor
38:17 Imperial Age
37:16 Wheelbarrow
37:46 Scale Barding Armor
39:01 Bracer
39:29 Parthian Tactics
Connection lost

Rejoining the realm…

Still unreachable

The connection could not be restored.

Session expired

The server has moved on; the page needs a fresh start.